cohdb
Replays
Latest Replays
All Replays
Popular Replays
Top Player Replays
Match Explorer
How It Works
Community
CoH3 Stats
Reddit
Sign in to upload your games and track your stats! →
Sign in with Steam
Match 42465530
Unlisted
Match 42465530
Overview
Messages
Build Orders
End
Construct Weapon Support Center
Engineer Squad
M1919 Machine Gun Team
Bazooka Squad
M1919 Machine Gun Team
Construct Barracks
Scout Squad
Infantry Support Center
Construct Medical Station
Riflemen Squad
M1918 Browning Automatic Rifles
Grenade Package
M3 Armored Personnel Carrier
Selects Heavy Weapons
Selects M2HB .50cal Heavy Machine Gun
Selects Assault Carriers
Selects Exchangeable Parts
Advanced Logistics
Improved M9 Bazooka Rockets
Riflemen Squad
Riflemen Squad
Bazooka Squad
Survival Training
Bazooka Squad
Selects Rapid Reposition
M1919 Machine Gun Team
Construct Tank Depot
M4A1 Sherman Medium Tank
Riflemen Squad
Engineer Squad
Jeep
A_Smoove
0
0
Comments
sign in to comment!
No comments posted yet!